Match 40406356
Unlisted

Match 40406356
End
Pioneer Squad
Construct Infanterie Kompanie
Grenadier Squad
Grenadier Squad
Grenadier Squad
Construct Luftwaffe Kompanie
Flak 30 Anti-aircraft Gun Team
Infanterie Officer Quarters
Flak 30 Anti-aircraft Gun Team
Luftwaffe Officer Quarters
GrW 34 Mortar Team
Construct Panzer Kompanie
Stoßtruppen Squad
Stoßtruppen Squad
Panzer IV Medium Tank
Panzer Officer Quarters
Selects Mechanized Battlegroup
Selects Raid Package
Side Skirts
Selects Spotting Scopes
Selects Wespe Self-propelled Artillery
Selects Zeroing Artillery Barrage
Selects 8 Rad Armored Car
Panzer IV Medium Tank
Panzer IV Medium Tank
Zeroing Artillery Barrage
Selects UNKNOWN (2160084)
^3
Panzerfaust
0
0

Comments sign in to comment!

No comments posted yet!